 Dungeon Crawl Stone Soup version 0.32-a0-908-g8e5f33bbaa (webtiles) character file.

Game seed: 11325930585376392131

84 Kasuyi the Chopper (level 4, -2/61 HPs)
             Began as a Minotaur Berserker on Apr 6, 2024.
             Was a Believer of Trog.
             Slain by an orc priest
             ... wielding a +0 hand axe
              (5 damage)
             ... on level 3 of the Dungeon.
             The game lasted 00:01:48 (1231 turns).

Kasuyi the Chopper (Minotaur Berserker)             Turns: 1231, Time: 00:01:49

Health: -2/61      AC:  8    Str: 23    XL:     4   Next: 23%
Magic:  3/3        EV:  8    Int:  4    God:    Trog [**....]
Gold:   124        SH:  0    Dex: 10    Spells: 3/3 levels left

rFire   . . .        a - +0 hand axe
rCold   . . .        (no shield)
rNeg    . . .        e - +0 chain mail
rPois   .            (helmet restricted)
rElec   .            (no cloak)
rCorr   .            (no gloves)
SInv    .            (no boots)
Will    .....        (no amulet) Stlth
                     (no ring)
HPRegen 0.30/turn    (no ring)
MPRegen 0.08/turn

%: no passive effects
@: berserking (expiring), lethally poisoned (-2 -> -6), very quick
A: horns 2, retaliatory headbutt
a: Renounce Religion, Berserk, Trog's Hand


You were on level 3 of the Dungeon.
You worshipped Trog.
Trog was pleased with you.
You visited 1 branch of the dungeon, and saw 3 of its levels.

You collected 124 gold pieces.

Inventory:

Hand Weapons
 a - a +0 hand axe (weapon)
Armour
 e - a +0 chain mail (worn)
Scrolls
 b - a scroll of identify {unknown}
 h - a scroll of immolation {unknown}
 l - a scroll of fear {unknown}
Potions
 c - 3 potions of enlightenment {unknown}
 d - 2 potions of cancellation {unknown}
 f - 2 potions of curing {unknown}
 g - a potion of brilliance {unknown}
 i - 2 potions of might {unknown}
 j - a potion of mutation {unknown}
 k - a potion of haste {unknown}


   Skills:
 + Level 4.7 Fighting
 + Level 5.3 Axes
 - Level 2.4 Armour
 - Level 2.1 Dodging


You had 3 spell levels left.
You didn't know any spells.
Your spell library was empty.

Dungeon Overview and Level Annotations

Branches:
Dungeon (3/15)

Altars:

Shops:
D:2 (


Innate Abilities, Weirdness & Mutations

You have a pair of horns on your head.
You reflexively headbutt those who attack you in melee.


Message History

* * * LOW HITPOINT WARNING * * *
You closely miss the orc. You barely miss the orc priest.
You feel sick. The orc hits you but does no damage.
You are more poisoned.
The orc priest hits you but does no damage.
You slash the orc!
You kill the orc!
Trog accepts your kill.
You hit the orc priest but do no damage.
* * * LOW HITPOINT WARNING * * *
You feel sick.
You hit the orc priest.
The orc priest is heavily wounded.
* * * LOW HITPOINT WARNING * * *
You feel sick.
The orc priest hits you but does no damage.
You hit the orc priest.
The orc priest is heavily wounded.
* * * LOW HITPOINT WARNING * * *
You feel sick.
The orc priest hits you with a +0 hand axe.
* * * LOW HITPOINT WARNING * * *
You closely miss the orc priest.
The orc priest is heavily wounded.
* * * LOW HITPOINT WARNING * * *
You feel sick.
You hit the orc priest.
You headbutt the orc priest, but do no damage.
The orc priest is severely wounded.
* * * LOW HITPOINT WARNING * * *
You feel sick.
The orc priest hits you but does no damage.
Unknown command.
You barely miss the orc priest.
You headbutt the orc priest, but do no damage.
The orc priest is severely wounded.
* * * LOW HITPOINT WARNING * * *
You feel sick.
The orc priest hits you with a +0 hand axe.
You die...

..# ..# ..# ######## #.#
#......# ... #......# #.# .
#......####)###.... ....
#.........)@o...... ......
##................. .......
#................. .....#..
#......##..................
#................#..#......
#................# .'......
#................####......
###..............+.........
.................###.......


You could see an orc priest.

Vanquished Creatures
  3 adders
  2 dart slugs
  5 orcs (D:3)
  5 ball pythons
  6 endoplasms
  3 giant cockroaches
  5 goblins
  5 hobgoblins
  4 kobolds (D:1)
  2 bats
  3 frilled lizards
  2 rats (D:1)
45 creatures vanquished.

Notes
Turn   | Place    | Note
-------+----------+-------------------------------------------
     0 | D:1      | Kasuyi the Minotaur Berserker began the quest for the Orb.
     0 | D:1      | Reached XP level 1. HP: 19/19 MP: 0/0
   124 | D:1      | Reached skill level 4 in Axes
   124 | D:1      | Reached XP level 2. HP: 26/27 MP: 1/1
   561 | D:2      | Reached XP level 3. HP: 34/34 MP: 2/2
   693 | D:2      | Found Fogriute's Antique Weapon Shop.
   807 | D:2      | Reached ** piety under Trog
  1054 | D:3      | Reached skill level 5 in Axes
  1066 | D:3      | Reached XP level 4. HP: 40/41 MP: 3/3
  1231 | D:3      | HP: 3/61 [poisoned by an orc]
  1231 | D:3      | Slain by an orc priest

Illustrated notes

Levels and vault maps discovered:
D:1:      psy_arrival_dodecagon, layout_rooms
D:2:      layout_basic, serial_shops, nicolae_shop_stone
D:3:      minmay_chambers_of_twos, layout_basic, kennysheep_nondescript,
          kennysheep_pointless_box

Skill      XL: |  1  2  3 |
---------------+----------+-----
Fighting       | 4 |  4.7
Axes           | 4 5 |  5.3
Armour         | |  2.4
Dodging        | |  2.1

Action                     |  1- 3 |  4- 6 || total
---------------------------+-------+-------++-------
  Melee: Hand axe          |    65 |    21 ||    86
         Headbutt          |    12 |     2 ||    14
 Invoke: Berserk           |       |     1 ||     1
 Armour: Chain mail        |    39 |    17 ||    56
         Animal skin       |     1 |       ||     1
  Dodge: Dodged            |    28 |     4 ||    32

Table legend: (Time is in decaauts)
 A = Elapsed time spent in this place.
 B = Non-inter-level travel time spent in this place.
 C = Inter-level travel time spent in this place.
 D = Time resting spent in this place.
 E = Time spent auto-exploring this place.
 F = Levels seen in this place.
 G = Mean time per level.
                   A        B        C        D        E       F      G
               +--------+--------+--------+--------+--------+-----+--------+
         Total |   1234 |   1145 |     89 |      0 |    917 |   3 |  411.3 |
       Dungeon |   1234 |   1145 |     89 |      0 |    917 |   3 |  411.3 |
               +--------+--------+--------+--------+--------+-----+--------+

Top non-repeatable levels by time:
     D:2: 561 daAuts
     D:1: 491 daAuts
     D:3: 181 daAuts
